 Dungeon Crawl Stone Soup version 0.31-a0-1-g4198be8af4 (webtiles) character file.

Game seed: 1271392714363784934

17255 Lobster4 the Cleaver (level 12, -13/110 HPs)
             Began as a Hill Orc Fighter on May 2, 2023.
             Was a Priest of Nemelex Xobeh.
             Killed from afar by Jorgrun (46 damage)
             ... with an iron shot
             ... on level 1 of the Orcish Mines on May 3, 2023.
             The game lasted 00:41:38 (13586 turns).

Lobster4 the Cleaver (Hill Orc Fighter)            Turns: 13586, Time: 00:41:38

Health: -13/110    AC: 22    Str: 22    XL:     12   Next: 46%
Magic:  0/19       EV: 10    Int: 10    God:    Nemelex Xobeh [***...]
Gold:   134        SH: 12    Dex: 10    Spells: 11/11 levels left

rFire   . . .        a - +1 war axe (protect)
rCold   . . .        J - +2 kite shield
rNeg    . . .        P - +0 acid dragon scales
rPois   .            I - +0 hat
rElec   .            i - +0 cloak
rCorr   +            z - +0 pair of gloves
SInv    .            l - +1 pair of boots
Will    .....        t - amulet of guardian spirit
Stlth   +            D - +4 ring of protection
HPRegen 0.38/turn    A - +4 ring of protection
MPRegen 0.16/turn

%: guardian spirit
@: no status effects
A: no striking features
a: Renounce Religion, Draw Escape, Draw Destruction, Draw Summoning, Triple Draw


You were on level 1 of the Orcish Mines.
You worshipped Nemelex Xobeh.
Nemelex Xobeh was most pleased with you.
You visited 3 branches of the dungeon, and saw 16 of its levels.
You visited 1 bazaar.
You also visited: Sewer.

You collected 943 gold pieces.
You spent 809 gold pieces at shops.

Inventory:

Hand Weapons
 a - a +1 war axe of protection (weapon)
 b - a +0 sling
 e - a +0 whip of venom
 p - a +2 heavy hand axe
 q - the +1 mace of the Foremost Visions {drain, rPois}
   (You took it off an orc wizard on level 8 of the Dungeon)

   rPois:     It protects you from poison.
 H - a +0 hand axe of flaming
Missiles
 r - 26 poisoned darts (quivered)
 F - 56 stones
 O - 4 javelins
Armour
 c - a +0 buckler
 i - a +0 cloak (worn)
 k - a +0 chain mail
 l - a +1 pair of boots (worn)
 s - a +10 plate armour of ponderousness
 y - a +0 scale mail
 z - a +0 pair of gloves (worn)
 I - a +0 hat (worn)
 J - a +2 kite shield (worn)
 P - +0 acid dragon scales (worn)
Magical Staves
 G - a staff of poison
Jewellery
 d - a ring of poison resistance
 f - a ring of protection from fire
 n - a ring of positive energy
 t - an amulet of guardian spirit (around neck)
 A - a +4 ring of protection (right hand)
 B - a ring of ice
 D - a +4 ring of protection (left hand)
Wands
 L - a wand of roots (8)
 M - a wand of digging (7)
 Q - a wand of paralysis (8)
Scrolls
 g - a scroll of immolation
 h - a scroll of brand weapon
 m - 4 scrolls of amnesia
 v - 4 scrolls of teleportation
 x - a scroll of fear
 C - 4 scrolls of identify
 E - a scroll of silence
 K - a scroll of blinking
 N - a scroll of enchant armour
Potions
 j - 3 potions of haste
 o - a potion of curing
 u - 8 potions of flight
 R - a potion of lignification {unknown}


   Skills:
 + Level 11.0 Fighting
 + Level 11.8 Axes
 - Level 2.0 Ranged Weapons
 - Level 6.0 Throwing
 + Level 10.1 Armour
 + Level 10.2 Shields
 + Level 9.6 Invocations


You had 11 spell levels left.
You didn't know any spells.
Your spell library contained the following spells:

 Spells                   Type           Power      Damage    Failure   Level
 Apportation              Tloc           0%         N/A       63%         1
 Necrotise                Necr           0%         1d4       63%         1
 Shock                    Conj/Air       0%         1d3       63%         1
 Slow                     Hex            0%         N/A       63%         1
 Summon Small Mammal      Summ           0%         N/A       63%         1
 Blink                    Tloc           0%         N/A       77%         2
 Sublimation of Blood     Necr           0%         N/A       77%         2
 Confusing Touch          Hex            0%         N/A       94%         3
 Hailstorm                Conj/Ice       0%         3d3       94%         3
 Ozocubu's Armour         Ice            0%         N/A       94%         3
 Swiftness                Air            0%         N/A       94%         3
 Vampiric Draining        Necr           0%         2d6       94%         3
 Airstrike                Air            0%         2d(0-16)  100%        4
 Ice Form                 Ice/Tmut       0%         N/A       100%        4
 Manifold Assault         Tloc           0%         N/A       100%        4
 Petrify                  Tmut/Erth      0%         N/A       100%        4
 Irradiate                Conj/Tmut      0%         3d11      100%        5
 Simulacrum               Ice/Necr       0%         N/A       100%        6
 Ozocubu's Refrigeration  Ice            0%         4d7       100%        7
 Storm Form               Tmut/Air       0%         N/A       100%        7


Dungeon Overview and Level Annotations

Branches:
Dungeon (14/15)            Temple (1/1) D:6            Lair (0/5) D:11
    Orc (1/2) D:9           Sewer (visited)
 Vaults: D:13-14

Altars:
Ashenzari
Cheibriados
Dithmenos
Makhleb
Nemelex Xobeh
Okawaru
Sif Muna
Trog
Vehumet
Wu Jian
Xom
Yredelemnul
Zin
The Shining One

Shops:
D:4 =   D:5 ?   D:6 (   D:10 (   D:11 [

Annotations:
D:6 1 runed translucent door, BlasphemerAmon's ghost, novice GrHu
Orc:1 Jorgrun


Message History

The orange demon completely misses you.
The orange demon hits you but does no damage.
The orc sorcerer hits you but does no damage.
Jorgrun hits you with a staff of earth!!
You flicker for a moment.
The orange demon stings you.
The orange demon hits you but does no damage.
The orc sorcerer hits you but does no damage.
Jorgrun hits you with a staff of earth! The orange demon stings you.
The orange demon hits you but does no damage.
The orc sorcerer hits you but does no damage.
Jorgrun mutters some incantations to himself.
Jorgrun hits you with a staff of earth!
* * * LOW HITPOINT WARNING * * *
You turn to flesh and can move again.
Unknown command.
You are too injured to fight recklessly!
You catch the helpless Jorgrun completely off-guard!
You hit Jorgrun but do no damage.
Your weapon exudes an aura of protection.
Jorgrun is lightly wounded.
You hit the orange demon. You hit the orc sorcerer.
The orange demon stings you but does no damage.
The orange demon hits you but does no damage.
The orc sorcerer hits you but does no damage.
Jorgrun mutters some incantations to himself.
Jorgrun barely misses you.
The orc sorcerer attacks as you move away!
You block the orc sorcerer's attack. You block the orange demon's attack.
The orc sorcerer hits you but does no damage.
There is a staircase back to the Dungeon here.
You flicker back into view.
The orange demon disappears in a puff of smoke!
The orc sorcerer closely misses you. Jorgrun casts a spell at you.
The iron shot hits you!!!
You die...
Your body glows slightly and disappears.

....... .......##
.........##
......#..^.# ##
...........####.##
...........#....#
##.#...$..#....#
.#.......@.#).#.##.
........o...)......
........§g.).......
.......>...$......#
.#....†.)..........
............##.##.#
.#$..#.......### #
............##
....$......##


You could see Jorgrun (strong) and an orc sorcerer.

Vanquished Creatures
  A sphinx (D:13)
  2 hydras
  A two-headed ogre (D:10)
  A centaur warrior (D:13)
  2 tengu warriors (D:13)
  An orc knight (D:13)
  A cyclops (D:13)
  2 ugly things (D:8)
  3 manticores
  A gargoyle (D:8)
  6 trolls
  A hornet (D:8)
  Prince Ribbit (D:6)
  Sigmund (D:6)
  A vampire (D:13)
  5 yaks
  6 wyverns
  4 vampire mosquitoes (D:10)
  3 steam dragons
  2 wargs
  2 acid dragons
  7 water moccasins
  4 ice beasts
  3 orc warriors
  A swamp drake (shapeshifter) (D:8)
  A sky beast (D:8)
  2 black bears (D:4)
  4 ogres
  4 centaurs
  2 phantoms
  A kobold brigand (D:9)
  3 scorpions
  A scorpion (shapeshifter) (D:11)
  4 bullfrogs
  4 gnoll sergeants
  4 wights (D:7)
  8 killer bees
  A howler monkey (D:11)
  3 hounds
  A jelly (D:6)
  3 orc priests (D:5)
  4 iguanas
  8 orc wizards
  17 gnolls
  14 adders
  6 river rats (Sewer)
  2 white imps
  A worm (Sewer)
  2 dart slugs (D:5)
  27 orcs
  12 ball pythons
  6 endoplasms
  11 giant cockroaches
  2 goblins
  3 hobgoblins
  8 jackals
  4 quokkas
  14 bats
  6 frilled lizards
  9 kobolds
  9 rats
273 creatures vanquished.

Vanquished Creatures (others)
  18 plants
18 creatures vanquished.

Grand Total: 291 creatures vanquished

Notes
Turn   | Place    | Note
-------+----------+-------------------------------------------
     0 | D:1      | Lobster4 the Hill Orc Fighter began the quest for the Orb.
     0 | D:1      | Reached XP level 1. HP: 19/19 MP: 1/1
   224 | D:1      | Reached XP level 2. HP: 27/27 MP: 2/2
   381 | D:1      | Found a faded altar of an unknown god.
   655 | D:2      | Found a shimmering blue altar of Sif Muna.
   669 | D:2      | Reached XP level 3. HP: 12/33 MP: 3/3
  1543 | D:2      | Reached skill level 1 in Throwing
  1543 | D:2      | Reached XP level 4. HP: 32/40 MP: 4/4
  2072 | D:3      | Reached XP level 5. HP: 47/47 MP: 5/5
  2873 | D:4      | Found Koimos's Jewellery Shop.
  2888 | D:4      | Noticed a black bear
  2892 | D:4      | Killed a black bear
  2893 | D:4      | Reached XP level 6. HP: 55/55 MP: 6/6
  3423 | D:4      | Noticed a black bear
  3431 | D:4      | Killed a black bear
  3432 | D:4      | Reached skill level 5 in Fighting
  3512 | D:4      | Found a shimmering altar of Xom.
  3732 | D:5      | Entered Level 5 of the Dungeon
  3774 | D:5      | Noticed an ice beast
  3776 | D:5      | Reached XP level 7. HP: 39/61 MP: 7/7
  4004 | D:4      | Reached skill level 5 in Axes
  4004 | D:4      | Reached skill level 5 in Armour
  4004 | D:4      | Reached skill level 5 in Shields
  4141 | D:5      | Found an ornate altar of the Wu Jian Council.
  4295 | D:5      | Found Bitt's Magic Scroll Shoppe.
  4302 | D:5      | Bought a scroll of identify for 26 gold pieces
  4302 | D:5      | Bought a scroll of identify for 26 gold pieces
  4500 | D:5      | Reached XP level 8. HP: 35/70 MP: 8/8
  4509 | D:5      | Reached skill level 1 in Ranged Weapons
  5564 | D:6      | Found a glowing drain.
  5580 | D:6      | Found a staircase to the Ecumenical Temple.
  5635 | Temple   | Entered the Ecumenical Temple
  5789 | Temple   | Became a worshipper of Nemelex Xobeh the Trickster
  5820 | Sewer    | Entered a sewer
  6337 | Sewer    | Reached skill level 1 in Invocations
  6712 | D:6      | Found a runed translucent door.
  6712 | D:6      | Noticed BlasphemerAmon's ghost (novice GrHu)
  6800 | D:6      | Found Guxuumob's Weapon Emporium.
  6810 | D:6      | Reached XP level 9. HP: 75/78 MP: 8/10
  7019 | D:6      | Noticed Sigmund
  7028 | D:6      | Killed Sigmund
  7102 | D:6      | Noticed Prince Ribbit
  7130 | D:6      | Killed Prince Ribbit
  7742 | D:7      | Found a basalt altar of Yredelemnul.
  8274 | D:7      | Reached * piety under Nemelex Xobeh
  8575 | D:8      | Reached XP level 10. HP: 88/88 MP: 13/13
  8705 | D:8      | Found an iron altar of Okawaru.
  8782 | D:8      | Noticed a gargoyle
  8790 | D:8      | Reached skill level 5 in Invocations
  8791 | D:8      | Killed a gargoyle
  8792 | D:8      | Reached skill level 5 in Throwing
  8804 | D:8      | Noticed a red ugly thing
  8804 | D:8      | Received a gift from Nemelex Xobeh
  8805 | D:8      | Noticed a five-headed hydra
  9029 | D:6      | Bought a +0 hand axe of flaming for 81 gold pieces
  9263 | D:8      | Identified the +1 leather armour "Jepherag" {Dex+5 Slay-2}
  9270 | D:8      | Identified the +1 mace of the Foremost Visions {drain,
                  | rPois}
  9290 | D:8      | Noticed a cyan ugly thing
  9307 | D:8      | Killed a cyan ugly thing
  9317 | D:8      | Killed a one-headed hydra
  9678 | D:8      | Noticed a manticore
  9701 | D:8      | Killed a green ugly thing
  9916 | D:8      | Killed a manticore
  9954 | D:8      | Found a glowing silver altar of Zin.
  9969 | D:8      | Reached XP level 11. HP: 97/97 MP: 15/15
 10117 | D:9      | Reached ** piety under Nemelex Xobeh
 10596 | D:9      | Found a staircase to the Orcish Mines.
 10618 | D:9      | Found a burning altar of Makhleb.
 10620 | D:9      | Noticed a blizzard demon
 10793 | D:10     | Entered Level 10 of the Dungeon
 10918 | D:10     | Noticed a two-headed ogre
 10935 | D:10     | Killed a two-headed ogre
 10936 | D:10     | Reached skill level 10 in Axes
 11071 | D:10     | Found Povveusch's Weapon Boutique.
 11275 | D:10     | Received a gift from Nemelex Xobeh
 11383 | D:10     | Reached *** piety under Nemelex Xobeh
 11570 | D:11     | Reached skill level 10 in Fighting
 11629 | D:11     | Found a staircase to the Lair.
 11821 | D:11     | Received a gift from Nemelex Xobeh
 11889 | D:11     | You fall into a shaft and drop 3 floors!
 11893 | D:13     | Noticed a cyclops
 11903 | D:13     | Killed a cyclops
 11944 | D:13     | Noticed a five-headed hydra
 11958 | D:13     | Killed a one-headed hydra
 12052 | D:13     | Noticed a manticore
 12069 | D:13     | Killed a manticore
 12081 | D:13     | Noticed a tengu warrior
 12081 | D:13     | Noticed a tengu warrior
 12121 | D:13     | Killed a tengu warrior
 12122 | D:13     | Reached XP level 12. HP: 63/107 MP: 14/18
 12134 | D:13     | Killed a tengu warrior
 12251 | D:13     | Found a flickering gateway to a bazaar.
 12272 | Bazaar   | Entered a bazaar
 12382 | Bazaar   | Found Udanak's Antique Armour Shop.
 12413 | Bazaar   | Found Tiamnierch's Book Shop.
 12434 | Bazaar   | Bought a shiny plate armour for 676 gold pieces
 12741 | D:13     | Noticed a centaur warrior
 12758 | D:13     | Killed a centaur warrior
 12760 | D:13     | Noticed a sphinx
 12803 | D:13     | HP: 1/108 [sphinx/divine providence (10)]
 12805 | D:13     | Killed a sphinx
 12806 | D:13     | Reached skill level 10 in Shields
 13017 | D:13     | Reached skill level 10 in Armour
 13060 | D:13     | Noticed a shadow dragon
 13180 | D:12     | Noticed a two-headed ogre
 13208 | D:11     | Found Tavisit's Antique Armour Shoppe.
 13278 | D:11     | Received a gift from Nemelex Xobeh
 13548 | Orc:1    | Entered Level 1 of the Orcish Mines
 13558 | Orc:1    | Noticed Jorgrun
 13586 | Orc:1    | Killed from afar by Jorgrun

Illustrated notes

Levels and vault maps discovered:
D:1:      eino_arrival_water_star, layout_loops_cross,
          shapermc_ecumenical_altar_mp_urbaneastern
D:2:      layout_basic, basic_altar
D:3:      layout_basic, chequers_garden, chequers_serial_rivers_micro_a,
          grunt_ministairs_2, minmay_misc_feat_five
D:4:      layout_loops_corners, mainiacjoe_overflow_surrounded_room,
          serial_shops, nicolae_shop_crystal
D:5:      layout_loops_ring, mainiacjoe_overflow_concentric_impassable,
          serial_shops, nicolae_shop_trees
D:6:      layout_loops_cross, minmay_temple_entry_stoned_glass,
          cheibrodos_sewer_entry_drain, hellmonk_ghost_happy_afterlife,
          serial_shops, shop_fountains, uniq_prince_ribbit1, uniq_sigmund
D:7:      layout_cave_pools, lemuel_round_altar
D:8:      layout_basic, minmay_misc_feat_columns, hangedman_feature_mirror,
          minivault_24, minmay_shattered_shrine
D:9:      nicolae_hitomezashi [nicolae_hito_row, nicolae_hito_row,
          nicolae_hito_row, nicolae_hito_row, nicolae_hito_row,
          nicolae_hito_row, nicolae_hito_row, nicolae_hito_row,
          nicolae_hito_row, nicolae_hito_row, nicolae_hito_row,
          nicolae_hito_row, nicolae_hito_row, nicolae_hito_row,
          nicolae_hito_row, nicolae_hito_row, nicolae_hito_row,
          nicolae_hito_row], layout_loops_ring, makhleb_altar_promises_db
D:10:     layout_rooms, serial_shops, nicolae_shop_bloodbath_and_beyond,
          hangedman_abyss_or_decor_clamps
D:11:     layout_big_octagon, minmay_lair_entry_grove, serial_shops,
          nicolae_shop_advertising_works [nicolae_subvault_shop_adworks]
D:12:     layout_loops_ring, uniq_erolcha
D:13:     layout_roguey, serial_shops, bzr_firewalk, serial_aquarium,
          aquarium_bridge_straight [aquarium_subvault_bridge,
          aquarium_subvault_wall, aquarium_subvault_bridge,
          aquarium_subvault_window], aquarium_window_double, aquarium_window_1,
          aquarium_window_1, aquarium_view_2e, aquarium_view_2b,
          aquarium_pool_corner, minmay_radiant, uniq_nessos
D:14:     regret_index_combs_of_tragedy, layout_basic, david_vaults_2,
          minmay_misc_feat_tower
Temple:   regret_index_temple_chain_breaker
Orc:1:    layout_caves, uniq_erica, uniq_jorgrun

Skill      XL: |  1  2  3  4  5  6  7  8  9 10 11 12 |
---------------+-------------------------------------+-----
Axes           | 3 4 5 7 8 9 11 | 11.8
Fighting       | 4 5 6 7 9 10 11 | 11.0
Throwing       | 1 2 3 4 5 6 |  6.0
Armour         | 4 5 6 7 8 9 10 | 10.1
Shields        | 4 5 6 7 8 9 10 | 10.2
Ranged Weapons | 2 |  2.0
Invocations    | 1 4 6 8 9 |  9.6

Action                     |  1- 3 |  4- 6 |  7- 9 | 10-12 || total
---------------------------+-------+-------+-------+-------++-------
  Melee: War axe           |    93 |   136 |   433 |   537 ||  1199
         Mace              |       |       |       |    50 ||    50
         Hand axe          |       |       |       |    20 ||    20
   Fire: Sling             |       |       |     7 |       ||     7
  Throw: Throwing net      |     1 |       |     3 |       ||     4
         Dart              |       |     5 |    47 |    43 ||    95
         Stone             |       |       |    20 |       ||    20
         Javelin           |       |       |       |     4 ||     4
 Invoke: Draw Destruction  |       |       |       |     1 ||     1
    Use: Scroll            |     8 |     3 |     9 |     9 ||    29
         Potion            |       |       |     1 |     7 ||     8
   Stab: Invisible         |       |       |       |     2 ||     2
 Armour: Scale mail        |    53 |    84 |   216 |       ||   353
         Chain mail        |       |       |    89 |   330 ||   419
         Acid dragon scale |       |       |       |   117 ||   117
         Plate armour      |       |       |       |   179 ||   179
  Dodge: Dodged            |    41 |    72 |   219 |   252 ||   584
  Block: Buckler           |    25 |    25 |   135 |    68 ||   253
         Kite shield       |       |       |       |   346 ||   346

Table legend: (Time is in decaauts)
 A = Elapsed time spent in this place.
 B = Non-inter-level travel time spent in this place.
 C = Inter-level travel time spent in this place.
 D = Time resting spent in this place.
 E = Time spent auto-exploring this place.
 F = Levels seen in this place.
 G = Mean time per level.
                   A        B        C        D        E       F      G
               +--------+--------+--------+--------+--------+-----+--------+
         Total |  14036 |  13576 |    460 |   1623 |   8446 |  18 |  779.8 |
       Dungeon |  12681 |  12233 |    448 |   1557 |   7631 |  14 |  905.8 |
        Temple |    169 |    157 |     12 |      0 |    145 |   1 |  169.0 |
  Orcish Mines |     38 |     38 |      0 |      0 |      0 |   1 |   38.0 |
        Bazaar |    204 |    204 |      0 |      0 |    145 |   1 |  204.0 |
         Sewer |    942 |    942 |      0 |     66 |    524 |   1 |  942.0 |
               +--------+--------+--------+--------+--------+-----+--------+

Top non-repeatable levels by time:
     D:8: 1505 daAuts
     D:5: 1326 daAuts
     D:6: 1298 daAuts
     D:4: 1230 daAuts
     D:3: 1160 daAuts
    D:13: 1115 daAuts
     D:2: 1079 daAuts
     D:7: 986 daAuts
   Sewer: 942 daAuts
     D:9: 808 daAuts
    D:11: 736 daAuts
    D:10: 718 daAuts
     D:1: 673 daAuts
  Bazaar: 204 daAuts
  Temple: 169 daAuts
